 Dungeon Crawl Stone Soup version 0.29.0-10-g45618ea6d2 (webtiles) character file.

Game seed: 2454397001300308420

694 vianneychevalier the Cleaver (level 7, -7/61 HPs)
             Began as a Hill Orc Fighter on Sept 1, 2022.
             Mangled by an ogre
             ... wielding a +0 giant club
              (26 damage)
             ... on level 5 of the Dungeon.
             The game lasted 00:12:16 (3240 turns).

vianneychevalier the Cleaver (Hill Orc Fighter)     Turns: 3240, Time: 00:12:16

Health: -7/61      AC: 18    Str: 25    XL:     7   Next: 64%
Magic:  7/7        EV:  6    Int:  8    God:
Gold:   341        SH:  5    Dex: 12    Spells: 6/6 levels left

rFire   + + .      SeeInvis .   a - +0 war axe
rCold   . . .      Faith    +   c - +0 buckler
rNeg    + . .      Spirit   .   s - +0 plate armour
rPois   .          Reflect  .   m - +0 helmet
rElec   .          Harm     .   r - +1 cloak
rCorr   .          Rampage  .   x - +0 pair of gloves
Will    .....                   l - +0 pair of boots
Stlth   ..........              f - amulet "Faurghi" {Faith rF++ Regen+ Str+6}
HPRegen 1.00/turn               z - ring of positive energy
MPRegen 0.10/turn               A - +4 ring of slaying

@: no status effects
A: no striking features
a: no special abilities


You were on level 5 of the Dungeon.
You visited 1 branch of the dungeon, and saw 6 of its levels.
You also visited: Ossuary.

You collected 341 gold pieces.

Inventory:

Hand Weapons
 a - a +0 war axe (weapon)
 y - a +0 whip
Missiles
 k - 2 javelins (quivered)
Armour
 c - a +0 buckler (worn)
 l - a +0 pair of boots (worn)
 m - a +0 helmet (worn)
 r - a +1 cloak (worn)
 s - a +0 plate armour (worn)
 w - a scarf of harm
 x - a +0 pair of gloves (worn)
Magical Staves
 t - a staff of earth
Jewellery
 f - the amulet "Faurghi" (around neck) {Faith rF++ Regen+ Str+6}
   (You acquired it on level 1 of the Dungeon)

   [amulet of faith]

   It allows you to gain divine favour quickly.
   Str:       It affects your strength (+6).
   rF:        It greatly protects you from fire.
   Regen:     It increases your rate of health regeneration.
 v - an amulet of reflection
 z - a ring of positive energy (left hand)
 A - a +4 ring of slaying (right hand)
Wands
 q - a wand of charming (7)
Scrolls
 b - a scroll of blinking {unknown}
 n - 2 scrolls of enchant weapon {unknown}
 p - a scroll of teleportation {unknown}
Potions
 d - 3 potions of might
 e - 2 potions of invisibility
 g - 6 potions of curing
 h - a potion of brilliance {unknown}
 i - 2 potions of heal wounds {unknown}
 j - 2 potions of flight {unknown}
 o - a potion of attraction {unknown}
 u - a potion of degeneration {unknown}
 B - a potion of haste {unknown}
 C - a potion of mutation {unknown}
 D - a potion of cancellation {unknown}
 E - a potion of lignification {unknown}


   Skills:
 + Level 5.3 Fighting
 + Level 8.1 Axes
 + Level 0.6 Throwing
 + Level 4.9 Armour
 + Level 0.4 Dodging
 + Level 1.3 Stealth
 + Level 3.9 Shields


You had 6 spell levels left.
You didn't know any spells.
Your spell library contained the following spells:

 Spells                   Type           Power      Damage    Failure   Level
 Beastly Appendage        Tmut           0%         N/A       100%        1
 Magic Dart               Conj           0%         1d3       100%        1
 Sandblast                Erth           0%         2d4       100%        1
 Shock                    Conj/Air       0%         1d3       100%        1
 Call Imp                 Summ           0%         N/A       100%        2
 Passwall                 Tmut/Erth      0%         N/A       100%        2
 Wereblood                Tmut           0%         N/A       100%        2
 Confusing Touch          Hex            0%         N/A       100%        3
 Mephitic Cloud           Conj/Pois/Air  0%         N/A       100%        3
 Spider Form              Tmut/Pois      0%         N/A       100%        3
 Stone Arrow              Conj/Erth      0%         3d7       100%        3
 Yara's Violent Unravell  Hex/Tmut       0%         3d3       100%        5
 Enfeeble                 Hex            0%         N/A       100%        7
 Malign Gateway           Summ/Tloc      0%         N/A       100%        7
 Dragon's Call            Summ           0%         N/A       100%        9


Dungeon Overview and Level Annotations

Branches:
Dungeon (6/15)            Ossuary (visited)
 Temple: D:4-7

Altars:


Message History

Found an escape hatch in the ceiling.
There is an escape hatch in the ceiling here.
There is a stone staircase leading up here.
An orc comes into view. It is wielding a +0 hand axe.
The orc shouts!
The orc moves out of view.
The orc barely misses you.
You closely miss the orc. The orc hits you but does no damage.
You slash the orc!
You kill the orc!
No target in view!
There is a stone staircase leading down here.
An ogre comes into view. It is wielding a +0 giant club.
The ogre shouts!
The ogre hits you with a +0 giant club!
You hit the ogre.
The ogre is lightly wounded.
You hit the ogre.
The ogre is moderately wounded.
The ogre barely misses you.
You hit the ogre.
The ogre is moderately wounded.
The ogre hits you with a +0 giant club!
You closely miss the ogre.
The ogre is moderately wounded.
The ogre hits you with a +0 giant club!!
You are too injured to fight recklessly!
You are too injured to fight recklessly!
You are too injured to fight recklessly!
You are too injured to fight recklessly!
You are too injured to fight recklessly!
You feel better.
You slash the ogre!
The ogre is almost dead.
The ogre hits you with a +0 giant club!!
* * * LOW HITPOINT WARNING * * *
You barely miss the ogre.
The ogre is almost dead.
The ogre hits you with a +0 giant club!!
You die...

#####.###.# ###
......>...####.#
####...........#
#..##..###### #..##..#
#..##..# ####..##..#
......##..##########.#
..###.##........@O...#
..# #....#############
..# ####.# ..######.#
.........# #.######.#
#<# #.# #.#### #.#
.....###.#


You could see an ogre.

Vanquished Creatures
  A centaur (D:5)
  A phantom (D:5)
  A scorpion (D:5)
  A necrophage (D:6)
  A jelly (D:5)
  A hound (D:5)
  An iguana (D:5)
  An orc wizard (D:5)
  8 mummies (Ossuary)
  7 gnolls
  5 adders
  A shadow imp (D:5)
  2 worms
  2 dart slugs
  11 orcs
  5 bats
  4 endoplasms
  3 giant cockroaches
  3 hobgoblins
  A jackal (D:2)
  5 kobolds
  5 quokkas
  10 ball pythons
  3 frilled lizards (D:2)
  A gnoll zombie (Ossuary)
  2 goblins
  3 hobgoblin zombies (Ossuary)
  4 orc zombies (Ossuary)
  6 rats
99 creatures vanquished.

Notes
Turn   | Place    | Note
-------+----------+-------------------------------------------
     0 | D:1      | vianneychevalier the Hill Orc Fighter began the quest for
                  | the Orb.
     0 | D:1      | Reached XP level 1. HP: 19/19 MP: 1/1
   117 | D:1      | Reached XP level 2. HP: 27/27 MP: 2/2
   218 | D:1      | Reached skill level 3 in Axes
   612 | D:1      | Identified a scroll of acquirement
   612 | D:1      | Acquired the amulet "Faurghi" {Faith rF++ Regen+ Str+6}
   826 | D:2      | Reached XP level 3. HP: 31/33 MP: 3/3
   844 | D:2      | Reached skill level 4 in Axes
   905 | D:2      | Reached XP level 4. HP: 37/40 MP: 4/4
  1662 | D:3      | Reached XP level 5. HP: 45/46 MP: 5/5
  1918 | D:3      | Reached skill level 5 in Axes
  2456 | D:4      | You fall into a shaft and drop 2 floors!
  2494 | D:6      | Reached XP level 6. HP: 50/53 MP: 6/6
  2525 | D:5      | Entered Level 5 of the Dungeon
  2532 | D:5      | Reached skill level 6 in Axes
  2637 | D:5      | Found a sand-covered staircase.
  2645 | Ossuary  | Entered an ossuary
  2687 | Ossuary  | Reached skill level 7 in Axes
  2804 | D:5      | Reached XP level 7. HP: 60/60 MP: 7/7
  2844 | D:5      | Reached skill level 5 in Fighting
  2844 | D:5      | Reached skill level 1 in Stealth
  2861 | D:5      | Identified the +1 short sword "Vathrequ" {flame, rPois rC-
                  | rN++}
  3027 | D:5      | Got the Cyclopedia of Conjury and Creation
  3053 | D:5      | Reached skill level 8 in Axes
  3240 | D:5      | Mangled by an ogre

Illustrated notes

Levels and vault maps discovered:
D:1:      spicycebolla_arrival_ecumenical, layout_basic
D:2:      layout_loops_ring, serial_glass, glass_columns_b, glass_columns_b,
          minmay_split_cup_large
D:3:      layout_loops_cross, minmay_misc_feat_pillars
D:4:      layout_cave_pools, gammafunk_ghost_arena, uniq_sigmund
D:5:      layout_loops_ring, nicolae_overflow_hidden_temple,
          nicolae_ossuary_entry_false_entrances, kennysheep_decorative_pillar,
          chequers_serial_rivers_micro_b, minivault_1
D:6:      layout_gridville, mainiacjoe_overflow_big_doors,
          nicolae_gozag_cash_rules_everything_around_me, serial_shops,
          nicolae_inconvenience_store

Skill      XL: |  1  2  3  4  5  6  7 |
---------------+----------------------+-----
Axes           | 3 4 5 7 8 |  8.1
Fighting       | 4 5 |  5.3
Armour         | 4 |  4.9
Stealth        | 1 |  1.3
Throwing       | |  0.6
Dodging        | |  0.4
Shields        | |  3.9

Action                   |  1- 3 |  4- 6 |  7- 9 || total
-------------------------+-------+-------+-------++-------
Melee: War axe           |    56 |   164 |    44 ||   264
Throw: Javelin           |       |     8 |       ||     8
  Use: Scroll            |     3 |       |     1 ||     4
       Potion            |       |     1 |     1 ||     2
 Stab: Invisible         |       |     5 |       ||     5
Armor: Scale mail        |    15 |    52 |       ||    67
       Chain mail        |       |    11 |       ||    11
       Plate armour      |       |    36 |    39 ||    75
Dodge: Dodged            |    27 |    53 |    17 ||    97
Block: Buckler           |    13 |    44 |    10 ||    67
